 Dungeon Crawl Stone Soup version 0.31-a0-854-g362426d53f (webtiles) character file.

Game seed: 7062150446698671489

59 MackTheKnife the Trooper (level 3, -1/29 HPs)
             Began as a Demonspawn Fighter on Oct 9, 2023.
             Slain by a cerulean imp
             ... wielding a +0 spear
             ... summoned by Natasha
              (5 damage)
             ... on level 2 of the Dungeon.
             The game lasted 00:03:08 (1162 turns).

MackTheKnife the Trooper (Demonspawn Fighter)       Turns: 1162, Time: 00:03:08

Health: -1/29      AC:  7    Str: 16    XL:     3   Next: 78%
Magic:  3/3        EV:  8    Int:  9    God:
Gold:   30         SH:  4    Dex: 14    Spells: 2/2 levels left

rFire   . . .        a - +0 rapier {short}
rCold   . . .        c - +0 buckler
rNeg    . . .        b - +0 scale mail
rPois   .            (no helmet)
rElec   .            (no cloak)
rCorr   .            n - +0 pair of gloves
SInv    .            (no boots)
Will    .....        (no amulet) Stlth
                     (no ring)
HPRegen 0.24/turn    (no ring)
MPRegen 0.08/turn

%: no passive effects
@: slowed, very slow
A: claws 2
a: no special abilities


You were on level 2 of the Dungeon.
You visited 1 branch of the dungeon, and saw 2 of its levels.

You collected 30 gold pieces.


Innate Abilities, Weirdness & Mutations

You have very sharp fingernails.


   Skills:
 - Level 3.0 Fighting
 - Level 2.5 Short Blades
 - Level 2.6 Armour
 - Level 2.6 Shields
 + Level 2.6 Unarmed Combat


You had 2 spell levels left.
You didn't know any spells.
Your spell library was empty.

Inventory:

Hand Weapons
 a - a +0 rapier (weapon) {short}
Armour
 b - a +0 scale mail (worn)
 c - a +0 buckler (worn)
 n - a +0 pair of gloves (worn)
   (You found it on level 2 of the Dungeon)
Magical Staves
 m - a staff of poison {!astaff}
   (You found it on level 2 of the Dungeon)
Jewellery
 k - a ring of fire
   (You found it on level 2 of the Dungeon)
Scrolls
 g - 2 scrolls of identify {unknown}
 i - a scroll of teleportation {unknown}
Potions
 d - a potion of might
 j - 2 potions of brilliance {unknown}
 l - a potion of berserk rage {unknown}

Dungeon Overview and Level Annotations

Branches:
Dungeon (2/15) Zot: 10802

Altars:

Annotations:
D:2 Natasha

.#.# #.# #.#..# #. .#.# #.#
#.#..##.# #. .#)# #.# #.#..##.#
########.
...#####.#####.#..##.##.##.......
........................##.#####.
#.######......###.##.### #.# #.
#.# ##...####.#..รท<..# #.# #.
#<###.....###.#......#####.# #.
.)##.......##.#.@(.....โ€ ...# #.
...........##.#h.....####### #.
..##.......<..5......# #.
..###.....###(###.##.# ..#
##...## #>###.##.# ..# ##### #
#^.##.# ..# #.###.# ..# #. #.. #.
###


You could see Natasha and a cerulean imp (summoned).


Message History

Your Unarmed Combat skill increases to level 2!
You feel yourself speed up.
You see here the felid corpse of Natasha. ๐Ÿ˜ฎ HP[+1]
You start resting.
You feel a little less mighty now. ๐Ÿ˜Ž HP[+9]
Your hp is fully restored (29).
Natasha, Servant of Life and Death comes into view.
Natasha hisses angrily.
There is a stone staircase leading up, spattered with blood here.
Throw: dart (poison) {throwing}
Press: ? - help, Q - select action, (/) - cycle Shift-Dir - straight line, f - Natasha
Aim: Natasha (47% to hit)
Okay, then.
Throw: throwing net {=f!fthrowing}
Press: ? - help, Q - select action, (/) - cycle Shift-Dir - straight line, f - Natasha
Aim: Natasha (47% to hit)
Okay, then.
Unknown command.
Unknown command.
Throw: dart (poison) {throwing}
Press: ? - help, Q - select action, (/) - cycle Shift-Dir - straight line, f - Natasha
Aim: Natasha (47% to hit)
You throw a poisoned dart {throwing}.
The poisoned dart {throwing} closely misses Natasha.
Natasha growls.
Unknown command.
Unknown command.
Unknown command.
Throw: throwing net {=f!fthrowing}
Press: ? - help, Q - select action Shift-Dir - straight line, f/p - Natasha
Aim: Natasha (47% to hit)
You throw a throwing net {=f!fthrowing}.
The throwing net {=f!fthrowing} hits Natasha.
Natasha is caught in the net!
Natasha struggles against the net. x2
Natasha casts a spell.
Natasha struggles against the net.
You see here a +0 barding.
You catch the helpless Natasha completely off-guard!
You hit Natasha.
Natasha struggles against the net.
You block the cerulean imp's attack.
You hit Natasha.
Natasha struggles against the net.
The cerulean imp hits you but does no damage.
Natasha struggles against the net.
You hit Natasha. The cerulean imp barely misses you.
Natasha struggles against the net.
The net rips apart, and Natasha comes free!
You hit Natasha but do no damage. Natasha claws you.
The cerulean imp barely misses you. ๐Ÿ˜• HP[-3]
You take 3 damage, and now have 26/29 hp.
You closely miss Natasha. Natasha closely misses you.
The cerulean imp hits you but does no damage. ๐Ÿ˜• HP[+1]
You closely miss Natasha. Natasha claws you.
You block the cerulean imp's attack. Natasha closely misses you. ๐Ÿ˜ฎ HP[-6]
You take 6 damage, and now have 21/29 hp.
MASSIVE DAMAGE!! (PAUSE)
You closely miss Natasha.
The cerulean imp hits you but does no damage.
You block Natasha's attack. You block the cerulean imp's attack.
Unknown command.
You closely miss Natasha. Natasha claws you.
The cerulean imp closely misses you. ๐Ÿ˜ฎ HP[-4]
You take 4 damage, and now have 17/29 hp.
Unknown command.
You closely miss Natasha. Natasha barely misses you.
The cerulean imp hits you from afar with a +0 spear. ๐Ÿ˜ฎ HP[-1]
You take 1 damage, and now have 16/29 hp.
Unknown command.
You hit Natasha but do no damage.
Natasha stares at you and mumbles some strange words.
You feel yourself slow down. You block the cerulean imp's attack.
You hit Natasha but do no damage. You block Natasha's attack.
The cerulean imp hits you but does no damage.
Natasha closely misses you.
The cerulean imp hits you but does no damage.
Unknown command.
You hit Natasha but do no damage. Natasha claws you.
* * * LOW HITPOINT WARNING * * *
The cerulean imp hits you but does no damage. ๐Ÿ˜จ HP[-3]
You take 3 damage, and now have 13/29 hp.
Unknown command.
You closely miss Natasha.
Natasha stares at you and mumbles some strange words.
The magic dart hits you.
* * * LOW HITPOINT WARNING * * *
The cerulean imp hits you from afar with a +0 spear.
* * * LOW HITPOINT WARNING * * *
Natasha claws you.
* * * LOW HITPOINT WARNING * * *
The cerulean imp hits you from afar with a +0 spear.
You die...

Skill      XL: |  1  2  3 |
---------------+----------+-----
Short Blades   | 2 |  2.5
Unarmed Combat | 1 2 |  2.6
Fighting       | |  3.0
Armour         | |  2.6
Shields        | |  2.6

Action                     || total
---------------------------++-------
  Melee: Rapier            ||   122
  Throw: Dart              ||     6
         Throwing net      ||     1
    Use: Potion            ||     2
   Stab: Held in net/web   ||     1
 Armour: Scale mail        ||   115
  Dodge: Dodged            ||    59
  Block: Buckler           ||    36

Levels and vault maps discovered:
D:1:      matt_arrival_los_fun, layout_basic, nicolae_figureground_pulse
D:2:      cheibrodos_old_hovel, layout_loops_ring, basic_altar, uniq_jessica,
          uniq_natasha

Notes
Turn   | Place    | Note
-------+----------+-------------------------------------------
     0 | D:1      | MackTheKnife the Demonspawn Fighter began the quest for the
                  | Orb.
     0 | D:1      | Reached XP level 1. HP: 18/18 MP: 1/1
     0 | D:1      | magus.rc [v1.9.6]
   103 | D:1      | Reached skill level 2 in Short Blades
   289 | D:1      | You feel monstrous as your demonic heritage exerts itself.
   289 | D:1      | Discovered your monstrous ancestry.
   289 | D:1      | Gained mutation: You have sharp fingernails. [demonic
                  | ancestry]
   289 | D:1      | Reached XP level 2. HP: 23/24 MP: 2/2
   444 | D:1      | Reached skill level 1 in Unarmed Combat
   683 | D:2      | Noticed Natasha
   935 | D:2      | Gained mutation: You have very sharp fingernails. [demonic
                  | ancestry]
   935 | D:2      | Reached XP level 3. HP: 29/29 MP: 3/3
  1097 | D:2      | HP: 6/29 [cerulean imp/+0 spear[Natasha] (4)]
  1100 | D:2      | Killed Natasha
  1101 | D:2      | Reached skill level 2 in Unarmed Combat
  1143 | D:2      | Noticed Natasha
  1162 | D:2      | HP: 7/29 [cerulean imp/+0 spear[Natasha] (5)]
  1162 | D:2      | Slain by a cerulean imp

Vanquished Creatures
  Natasha (D:2)
  A worm (D:1)
  5 bats
  2 endoplasms
  2 giant cockroaches
  A hobgoblin (D:1)
  4 jackals (D:1)
  2 quokkas
  A ball python (D:1)
  7 frilled lizards
  2 kobolds (D:1)
  2 rats (D:1)
30 creatures vanquished.

Table legend:
 A = Non-vault XP
 B = Vault XP
 C = Vault XP percentage of total XP
 D = Non-vault monster count
 E = Vault monster count
 F = Vault count percentage of total count
                 A         B        C        D         E       F
            +---------+---------+-------+---------+---------+-------
      Total |      46 |      39 |  45.9 |      28 |       2 |   6.7
            +---------+---------+-------+---------+---------+-------
        D:1 |      35 |       0 |   0.0 |      21 |       0 |   0.0
        D:2 |      11 |      39 |  78.0 |       7 |       2 |  22.2
            +---------+---------+-------+---------+---------+-------

Skill      XL: |  1  2  3 |
---------------+----------+-----
Short Blades   | 2 |  2.5
Unarmed Combat | 1 2 |  2.6
Fighting       | |  3.0
Armour         | |  2.6
Shields        | |  2.6

Action                     || total
---------------------------++-------
  Melee: Rapier            ||   122
  Throw: Dart              ||     6
         Throwing net      ||     1
    Use: Potion            ||     2
   Stab: Held in net/web   ||     1
 Armour: Scale mail        ||   115
  Dodge: Dodged            ||    59
  Block: Buckler           ||    36

Illustrated notes

Table legend:
 A = Kills in this place as a percentage of kills in the entire game.
 B = Kills by you in this place as a percentage of kills by you in the entire game.
 C = Kills by friends in this place as a percentage of kills by friends in the entire game.
 D = Other kills in this place as a percentage of other kills in the entire game.
 E = Experience gained in this place as a percentage of experience gained in the entire game.
 F = Experience gained in this place divided by the number of levels of this place that you have seen.
                   A       B       C       D       E      F
               +-------+-------+-------+-------+-------+----------------------
         Total | 100.0 | 100.0 |   N/A |   N/A | 100.0 |  42.5
       Dungeon | 100.0 | 100.0 |   N/A |   N/A | 100.0 |  42.5
               +-------+-------+-------+-------+-------+----------------------

Table legend: (Time is in decaauts)
 A = Elapsed time spent in this place.
 B = Non-inter-level travel time spent in this place.
 C = Inter-level travel time spent in this place.
 D = Time resting spent in this place.
 E = Time spent auto-exploring this place.
 F = Levels seen in this place.
 G = Mean time per level.
                   A        B        C        D        E       F      G
               +--------+--------+--------+--------+--------+-----+--------+
         Total |   1196 |   1109 |     87 |    134 |    590 |   2 |  598.0 |
       Dungeon |   1196 |   1109 |     87 |    134 |    590 |   2 |  598.0 |
               +--------+--------+--------+--------+--------+-----+--------+

Top non-repeatable levels by time:
     D:1: 835 daAuts
     D:2: 360 daAuts
